 Dungeon Crawl Stone Soup version 0.31-a0-466-g98c9adc2b6 (webtiles) character file.

Game seed: 15753307952189311173

52 avis the Scratcher (level 3, 0/22 HPs)
             Began as a Felid Shapeshifter on Aug 5, 2023.
             Succumbed to an adder's poison
             ... in a sewer.
             The game lasted 00:07:34 (1579 turns).

avis the Scratcher (Felid Shapeshifter)             Turns: 1579, Time: 00:07:35

Health: 0/22       AC:  1    Str: 13    XL:     3   Next: 60%
Magic:  4/4        EV: 18    Int:  9    God:
Gold:   93         SH:  0    Dex: 16    Spells: 2/2 levels left
                                        Lives:  0   Deaths: 0

rFire   . .          .
                       - Unarmed
rCold   . . .        (shield unavailable)
rNeg    . . .        (body armour unavailable)
rPois   .            (helmet unavailable)
rElec   .            (cloak unavailable)
rCorr   .            (gloves unavailable)
SInv    +            (boots unavailable)
Will    .....        (no amulet) Stlth
                     (no ring)
HPRegen 0.23/turn    (no ring)
MPRegen 0.09/turn

%: no passive effects
@: berserking, lethally poisoned (0 -> -2), beast-form, very quick
A: beast (slay +2), very small, claws 1, fangs 3, see invisible, speed 1, shaggy
fur 1, stealthy paws, no weapons or thrown items, no armour, multi-lived
a: Begin Untransformation


You were in a sewer.
You were a hulking beast.
You visited 1 branch of the dungeon, and saw 3 of its levels.
You also visited: Sewer.

You collected 93 gold pieces.

Inventory:

Talismans
 b - a beast talisman (active)
Scrolls
 e - a scroll of vulnerability {unknown}
 f - 3 scrolls of fog {unknown}
 g - a scroll of torment {unknown}
 h - a scroll of enchant armour {unknown}
Potions
 a - a potion of lignification
 d - a potion of resistance {unknown}
 i - a potion of brilliance {unknown}
 j - a potion of curing {unknown}


   Skills:
 + Level 1.6 Fighting
 + Level 3.3 Dodging
 - Level 1.0 Stealth
 * Level 3.7 Unarmed Combat
 + Level 3.5 Shapeshifting


You had 2 spell levels left.
You didn't know any spells.
Your spell library contained the following spells:

 Spells                   Type           Power      Damage    Failure   Level
 Dazzling Flash           Conj/Hex       0%         N/A       77%         3
 Inner Flame              Hex/Fire       0%         N/A       77%         3
 Volatile Blastmotes      Fire/Tloc      0%         2d10      77%         3
 Yara's Violent Unravell  Hex/Tmut       0%         3d3       100%        5
 Starburst                Conj/Fire      0%         6d3       100%        6
 Enfeeble                 Hex            0%         N/A       100%        7
 Maxwell's Capacitive Co  Air            0%         ∞         100%        8


Dungeon Overview and Level Annotations

Branches:
Dungeon (3/15)              Sewer (1/1)

Altars:
Hepliaklqana
Sif Muna

Annotations:
D:3 Ijyb, Natasha


Innate Abilities, Weirdness & Mutations

You are a hulking beast.
Your limbs bulge with bestial killing power. (Slay +2)
You have sharp claws.
You have razor-sharp teeth.
You have supernaturally acute eyesight. (SInv)
You cover ground quickly. (Speed+)
You are covered in fur. (AC +1)
Your paws help you pounce on unaware monsters.
You are incapable of wielding weapons or throwing items.
You cannot wear armour.
You gain extra lives every three experience levels.


Message History

The giant cockroach completely misses you.
The quokka closely misses you. The quokka bites you.
The cerulean imp misses you.
Natasha howls an incantation.
Natasha glows brightly for a moment.
There is a glowing drain here.
The giant cockroach closely misses you. The quokka bites you.
The giant cockroach misses you. The cerulean imp barely misses you.
The giant cockroach completely misses you.
The world spins around you as you enter the gateway.
You enter a sewer!
The adder hisses angrily.
Found a gate leading back out of this place.
There is an empty arch of ancient stone here.
There is a gate leading back out of this place here.
The adder completely misses you.
You barely miss the adder. You bite the adder.
The adder is lightly wounded.
The adder bites you.
You are poisoned.
The adder poisons you!
You miss the adder.
The adder is lightly wounded.
You feel sick. The adder misses you. The adder closely misses you.
You claw the adder!
The adder is almost dead.
* * * LOW HITPOINT WARNING * * *
You feel sick. The adder bites you.
* * * LOW HITPOINT WARNING * * *
It was a potion of berserk rage.
A red film seems to cover your vision as you go berserk!
You feel yourself moving faster!
You feel mighty!
* * * LOW HITPOINT WARNING * * *
You feel sick. The adder closely misses you.
You completely miss the adder.
The adder is almost dead.
The adder barely misses you.
You miss the adder.
The adder is almost dead.
You die...

#≈≈≈≈≈≈≈≈≈≈≈≈≈≈
≈≈≈≈≈≈≈≈≈≈≈≈≈≈≈≈≈
≈≈≈≈≈≈≈≈≈≈≈≈≈≈≈≈≈
≈≈≈≈≈≈≈≈≈≈≈≈≈≈≈≈≈
≈≈≈≈≈≈≈≈≈≈≈≈≈≈≈≈≈
≈≈≈≈≈≈≈≈≈≈≈≈≈~.≈
≈≈≈≈≈≈.S≈≈≈.~#
≈≈≈≈≈..h≈≈.#
≈≈≈.~.##∩∩##
≈≈≈~~ ##.# ≈≈.#
### ≈≈ ~


You could see an adder.

Vanquished Creatures
  An adder (D:2)
  A worm (D:2)
  A dart slug (D:1)
  3 ball pythons
  4 endoplasms
  4 goblins
  3 hobgoblins
  5 quokkas
  4 bats
  A frilled lizard (D:1)
  4 giant cockroaches
  2 kobolds
  2 rats
35 creatures vanquished.

Notes
Turn   | Place    | Note
-------+----------+-------------------------------------------
     0 | D:1      | avis the Felid Shapeshifter began the quest for the Orb.
     0 | D:1      | Reached XP level 1. HP: 9/9 MP: 2/2
   380 | D:1      | Reached XP level 2. HP: 5/12 MP: 3/3
  1025 | D:2      | Found a shimmering blue altar of Sif Muna.
  1044 | D:2      | Reached skill level 1 in Stealth
  1044 | D:2      | Reached XP level 3. HP: 11/15 MP: 4/4
  1387 | D:3      | Noticed Ijyb
  1457 | D:3      | Found a hazy altar of Hepliaklqana.
  1545 | D:3      | Noticed Natasha
  1557 | D:3      | Found a glowing drain.
  1570 | Sewer    | Entered a sewer
  1577 | Sewer    | HP: 1/22 [poisoned by an adder]
  1579 | Sewer    | Succumbed to an adder's poison

Illustrated notes

Levels and vault maps discovered:
D:1:      elethiomel_arrival_infinity_welcomes_careful_drivers, layout_basic,
          serial_park_tiny_1
D:2:      layout_rooms, basic_altar, minmay_hexomino_u4
D:3:      cheibrodos_greedy_goblins, layout_rooms,
          nicolae_hepliaklqana_hazy_memory, portal_sewer_entry_f,
          minmay_joined_circles, uniq_natasha, uniq_ijyb
Sewer:    sewer_co_pargi_island

Skill      XL: |  1  2 |
---------------+-------+-----
Dodging        | 3 |  3.3
Stealth        | 1 |  1.0
Fighting       | |  1.6
Unarmed Combat | |  3.7
Shapeshifting  | |  3.5

Action                     || total
---------------------------++-------
  Melee: Unarmed           ||    81
         Bite              ||     5
         Punch             ||     2
    Use: Potion            ||     1
   Stab: Sleeping          ||     3
 Armour: Skin              ||     1
  Dodge: Dodged            ||    71

Table legend: (Time is in decaauts)
 A = Elapsed time spent in this place.
 B = Non-inter-level travel time spent in this place.
 C = Inter-level travel time spent in this place.
 D = Time resting spent in this place.
 E = Time spent auto-exploring this place.
 F = Levels seen in this place.
 G = Mean time per level.
                   A        B        C        D        E       F      G
               +--------+--------+--------+--------+--------+-----+--------+
         Total |   1324 |   1211 |    113 |    104 |    722 |   4 |  331.0 |
       Dungeon |   1316 |   1203 |    113 |    104 |    722 |   3 |  438.7 |
         Sewer |      7 |      7 |      0 |      0 |      0 |   1 |    7.0 |
               +--------+--------+--------+--------+--------+-----+--------+

Top non-repeatable levels by time:
     D:1: 812 daAuts
     D:2: 382 daAuts
     D:3: 121 daAuts
   Sewer: 7 daAuts
